 Dungeon Crawl Stone Soup version 0.25-a0-294-gea9b1ad (webtiles) character file.

Game seed: 9615934151278659239, levelgen mode: deterministic

39 MrTaco21 the Cudgeler (level 3, 0/23 HPs)
             Began as a Gargoyle Fighter on Dec 19, 2019.
             Slain by a white imp (3 damage)
             ... summoned by Natasha
             ... on level 2 of the Dungeon.
             The game lasted 00:01:17 (845 turns).

MrTaco21 the Cudgeler (Gargoyle Fighter)             Turns: 845, Time: 00:01:18

Health: 0/23       AC: 11    Str: 20    XL:     3   Next: 45%
Magic:  3/3        EV:  7    Int:  8    God:
Gold:   48         SH:  9    Dex:  9    Spells: 2/2 levels left

rFire    . . .     SeeInvis .   a - +0 flail
rCold    . . .     Gourm    .   c - +0 shield
rNeg     + . .     Faith    .   b - +0 scale mail
rPois    ∞         Spirit   .   (no helmet)
rElec    +         Reflect  .   (no cloak)
rCorr    .         Harm     .   g - +0 pair of gloves
MR       .....                  (no boots)
Stlth    ..........             (no amulet)
HPRegen  0.07/turn              (no ring)
MPRegen  0.08/turn              (no ring)

@: no status effects
A: negative energy resistance 1, electricity resistance, unbreathing,
petrification resistance, rot immunity, AC +3
a: no special abilities


You were on level 2 of the Dungeon.
You were not hungry.

You visited 1 branch of the dungeon, and saw 2 of its levels.

You collected 48 gold pieces.

Inventory:

Hand Weapons
 a - a +0 flail (weapon)
Armour
 b - a +0 scale mail (worn)
 c - a +0 shield (worn)
 g - a +0 pair of gloves (worn)
   (You found it on level 1 of the Dungeon)
Scrolls
 h - a scroll of enchant armour {unknown}
 i - 3 scrolls of identify {unknown}
 j - a scroll of noise {unknown}
Potions
 d - a potion of might
Comestibles
 e - 4 rations {!d}
 f - 5 chunks of flesh


   Skills:
 - Level 3.2 Fighting
 + Level 3.7 Maces & Flails
 - Level 3.2 Armour
 - Level 3.2 Shields


You had 2 spell levels left.
You didn't know any spells.
Your spell library was empty.

Dungeon Overview and Level Annotations

Branches:
Dungeon (2/15)

Altars:

Annotations:
D:2 Natasha


Innate Abilities, Weirdness & Mutations

You are resistant to torment.
Your stone body is resilient. (AC +3)
You are immune to poison.
You resist negative energy. (rN+)
You are resistant to electric shocks. (rElec)
You can survive without breathing.
You are immune to petrification.
You are immune to rotting.


Message History

Natasha casts a spell at you. The magic dart hits you.
Natasha claws you but does no damage.
Things that are here:
4 stones; a kobold corpse You barely miss Natasha.
Natasha closely misses you.
You closely miss Natasha. Natasha barely misses you.
You barely miss Natasha. Natasha claws you but does no damage.
Natasha claws you.
Your shield and scale mail prevent you from hitting Natasha.
Natasha wildly gestures.
Natasha shimmers violently.
Natasha barely misses you.
You barely miss Natasha. Natasha claws you but does no damage.
You sock Natasha!
Natasha hisses.
Natasha casts a spell.
You completely miss Natasha. You block Natasha's attack.
The white imp hits you. The white imp freezes you.
* * * LOW HITPOINT WARNING * * *
Natasha claws you but does no damage.
You hit Natasha. The white imp barely misses you. You block Natasha's attack.
Unknown command.
You barely miss Natasha.
The white imp hits you but does no damage.
Natasha claws you but does no damage.
Unknown command.
You barely miss Natasha. You block the white imp's attack.
Natasha drinks a potion.
Natasha is healed!
The white imp barely misses you. You block Natasha's attack.
Your scale mail prevents you from hitting Natasha.
The white imp gestures at you.
The puff of frost hits you but does no damage.
Natasha closely misses you.
Your shield and scale mail prevent you from hitting Natasha.
You block the white imp's attack.
Natasha wildly gestures.
You feel troubled. Natasha claws you.
* * * LOW HITPOINT WARNING * * *
Unknown command.
You barely miss Natasha. You block the white imp's attack.
Natasha barely misses you. The white imp gestures at you.
You block the puff of frost.
Unknown command.
You closely miss Natasha.
Natasha growls.
Natasha claws you but does no damage. The white imp hits you.
You die...

#.#
.......
#.#
.......
#.#
.......##
#.#
........#
#.#
...!....#
#.#
........#
#.#
.......5#
#.#
......h@#
#.#
#######.#
#.# #.#
#.#
#(#######
#.#
#.......#
#.#
#######.#
#.#
#.#####.#
#.......#
#########


You could see Natasha and a white imp.

Vanquished Creatures
  An ooze (D:2)
  A leopard gecko (D:1)
  2 bats (D:1)
  3 giant cockroaches
  4 goblins
  3 hobgoblins
  5 jackals (D:1)
  A quokka (D:2)
  3 frilled lizards (D:1)
  3 kobolds
  3 rats
29 creatures vanquished.

Notes
Turn   | Place    | Note
-------+----------+-------------------------------------------
     0 | D:1      | MrTaco21 the Gargoyle Fighter began the quest for the Orb.
     0 | D:1      | Reached XP level 1. HP: 14/14 MP: 1/1
    68 | D:1      | Reached XP level 2. HP: 18/19 MP: 2/2
   618 | D:1      | Reached XP level 3. HP: 23/23 MP: 3/3
   810 | D:2      | Noticed Natasha
   845 | D:2      | Slain by a white imp

Levels and vault maps discovered:
D:1:      erik_arrival_blinker_ship, layout_loops_ring
D:2:      layout_basic, lemuel_crystal_altar, grunt_ministairs_15,
          minmay_randomly_rotated_circles, uniq_robin, uniq_natasha

Skill      XL: |  1  2 |
---------------+-------+-----
Maces & Flails | 3 |  3.7
Fighting       | |  3.2
Armour         | |  3.2
Shields        | |  3.2

Action                   || total
-------------------------++-------
Melee: Flail             ||   117
Armor: Scale mail        ||    74
Dodge: Dodged            ||    41
Block: Shield            ||    57

Table legend:
 A = Non-vault XP
 B = Vault XP
 C = Vault XP percentage of total XP
 D = Non-vault monster count
 E = Vault monster count
 F = Vault count percentage of total count
                 A         B        C        D         E       F
            +---------+---------+-------+---------+---------+-------
      Total |      56 |       0 |   0.0 |      29 |       0 |   0.0
            +---------+---------+-------+---------+---------+-------
        D:1 |      34 |       0 |   0.0 |      19 |       0 |   0.0
        D:2 |      22 |       0 |   0.0 |      10 |       0 |   0.0
            +---------+---------+-------+---------+---------+-------
